 Dungeon Crawl Stone Soup version 0.31-a0-246-g8cbcc1cb85 (webtiles) character file.

Game seed: 7324086476629584866

46 qw the Shooter (level 3, -1/29 HPs)
             Began as a Minotaur Hexslinger on July 12, 2023.
             Succumbed to an adder's poison
             ... on level 2 of the Dungeon.
             The game lasted 00:00:31 (836 turns).

qw the Shooter (Minotaur Hexslinger)                 Turns: 836, Time: 00:00:32

Health: -1/29      AC:  3    Str: 21    XL:     3   Next: 46%
Magic:  3/3        EV: 12    Int: 10    God:
Gold:   51         SH:  0    Dex: 14    Spells: 3/4 levels left

rFire   . . .        Y - +1 sling
rCold   . . .        (no shield)
rNeg    . . .        e - +0 leather armour
rPois   .            a - +0 hat of Courage {Regen+ Str+9 Slay-4 Stlth-}
rElec   .            (no cloak)
rCorr   .            (no gloves)
SInv    .            (no boots)
Will    .....        (no amulet) Stlth
                     (no ring)
HPRegen 1.04/turn    (no ring)
MPRegen 0.08/turn

%: no passive effects
@: lethally poisoned (-1 -> -8)
A: horns 2, retaliatory headbutt
a: no special abilities


You were on level 2 of the Dungeon.
You visited 1 branch of the dungeon, and saw 2 of its levels.

You collected 51 gold pieces.


Innate Abilities, Weirdness & Mutations

You have a pair of horns on your head.
You reflexively headbutt those who attack you in melee.


   Skills:
 - Level 2.0 Fighting
 + Level 4.0 Ranged Weapons
 - Level 2.1 Dodging
 - Level 1.0 Spellcasting
 - Level 2.0 Hexes


You had 3 spell levels left.
You knew the following spells:

 Your Spells              Type           Power      Damage    Failure   Level
a - Slow                  Hex            16%        N/A       17%         1

Your spell library contained the following spells:

 Spells                   Type           Power      Damage    Failure   Level
 Inner Flame              Hex/Fire       2%         N/A       61%         3
 Portal Projectile        Hex/Tloc       4%         N/A       61%         3
 Cause Fear               Hex            2%         N/A       86%         4

Inventory:

Hand Weapons
 Y - a +1 sling (weapon)
Armour
 a - the +0 hat of Courage (worn) {Regen+ Str+9 Slay-4 Stlth-}
   (You acquired it on level 2 of the Dungeon)

   Str:       It affects your strength (+9).
   Slay:      It affects your accuracy & damage with ranged weapons and melee
   (-4).
   Regen:     It increases your rate of health regeneration.
   Stlth:     It makes you less stealthy.
 e - a +0 leather armour (worn)
Scrolls
 b - a scroll of identify
 d - 3 scrolls of vulnerability {unknown}
Potions
 c - a potion of enlightenment {unknown}
 h - a potion of brilliance {unknown}

Dungeon Overview and Level Annotations

Branches:
Dungeon (2/15)

Altars:


Message History

The adder bites you but does no damage. The adder closely misses you.
You shoot a sling bullet.
The sling bullet barely misses the dart slug.
The dart slug closely misses you. The adder bites you.
You shoot a sling bullet. The sling bullet hits the dart slug.
The dart slug is almost dead.
The adder bites you. The dart slug closely misses you. The adder bites you.
You are poisoned.
The adder poisons you!
You shoot a sling bullet. The sling bullet hits the dart slug.
You kill the dart slug!
You feel sick. The adder bites you but does no damage.
You shoot a sling bullet. The sling bullet misses the adder.
You feel sick. The adder bites you.
You are more poisoned.
The adder poisons you! The adder barely misses you.
You shoot a sling bullet.
The sling bullet hits the adder but does no damage.
You feel sick. The adder bites you.
You are more poisoned.
The adder poisons you!
You shoot a sling bullet.
The sling bullet closely misses the adder.
You feel very sick. The adder bites you.
You are more poisoned.
The adder poisons you! The adder closely misses you.
You shoot a sling bullet.
The sling bullet closely misses the adder.
You feel very sick. The adder closely misses you. The adder bites you.
You shoot a sling bullet.
The sling bullet completely misses the adder.
You feel very sick. The adder bites you.
You are more poisoned.
The adder poisons you!
You shoot a sling bullet.
The sling bullet completely misses the adder.
You die...

### #.# ###.#
#...##########
#######.#.##.......#.#
............(.@S.>....
#######.#....##.......
#.###### ......# ###
#.# #.....# ..# #.###
.....# ..# #...#
#..#.# ..# #...# ... .
..# #####...# .... ..#
#...)...#


You could see an adder.

Vanquished Creatures
  An adder (D:2)
  A worm (D:2)
  A dart slug (D:2)
  An orc (D:2)
  2 ball pythons (D:2)
  4 bats (D:1)
  2 endoplasms (D:1)
  4 giant cockroaches
  2 goblins (D:1)
  2 hobgoblins (D:1)
  A frilled lizard (D:1)
  6 kobolds
  4 rats
31 creatures vanquished.

Notes
Turn   | Place    | Note
-------+----------+-------------------------------------------
     0 | D:1      | qw the Minotaur Hexslinger began the quest for the Orb.
     0 | D:1      | Reached XP level 1. HP: 16/16 MP: 1/1
     0 | D:1      | 0 ||| qw: Version: 0.3-a-52-g30416fa
     0 | D:1      | 0 ||| qw: Game counter: 6425
     0 | D:1      | 0 ||| qw: Melee chars always use a shield: true
     0 | D:1      | 0 ||| qw: God list: Okawaru
     0 | D:1      | 0 ||| qw: Allow faded altars: false
     0 | D:1      | 0 ||| qw: Do Orc after clearing Dungeon:15 true
     0 | D:1      | 0 ||| qw: Do second Lair branch before Depths: true
     0 | D:1      | 0 ||| qw: Lair rune preference: random
     0 | D:1      | 0 ||| qw: Goals: Normal
     0 | D:1      | 0 ||| PLANNING D:1-11
    66 | D:1      | Reached skill level 3 in Ranged Weapons
    72 | D:1      | Reached XP level 2. HP: 23/23 MP: 2/2
    85 | D:1      | 85 ||| UPGRADING to +0 leather armour.
   133 | D:1      | 133 ||| FLEEEEING.
   134 | D:1      | 134 ||| FLEEEEING.
   143 | D:1      | 143 ||| DROPPING +0 robe.
   268 | D:1      | You fall into a shaft and drop 1 floor!
   426 | D:2      | Reached XP level 3. HP: 29/29 MP: 3/3
   488 | D:2      | 488 ||| READING scroll labelled RUIPPE SODGHOA.
   489 | D:2      | 489 ||| READING scroll labelled KIJIOKY NEOFF.
   490 | D:2      | 490 ||| READING scroll labelled NEASHA FOZ DAPPU.
   490 | D:2      | Identified a scroll of acquirement
   490 | D:2      | 490 ||| ACQUIRING +0 hat of Courage {Regen+ Str+9 Slay-4
                  | Stlth-}
   490 | D:2      | Acquired the +0 hat of Courage {Regen+ Str+9 Slay-4 Stlth-}
   492 | D:2      | 492 ||| UPGRADING to +0 hat of Courage {Regen+ Str+9 Slay-4
                  | Stlth-}.
   497 | D:2      | 497 ||| DROPPING scroll of poison.
   755 | D:1      | Reached skill level 4 in Ranged Weapons
   765 | D:1      | 765 ||| READING scroll labelled QUS XOIHUC.
   834 | D:2      | HP: 6/29 [adder (3)]
   835 | D:2      | HP: 1/29 [adder (3)]
   836 | D:2      | Succumbed to an adder's poison

Levels and vault maps discovered:
D:1:      matt_arrival_diagonals, layout_rooms, minmay_strange_pillars,
          minmay_surrounded
D:2:      layout_basic

Skill      XL: |  1  2  3 |
---------------+----------+-----
Ranged Weapons | 3 4 |  4.0
Fighting       | 2 |  2.0
Dodging        | |  2.1
Spellcasting   | |  1.0
Hexes          | |  2.0

Action                     || total
---------------------------++-------
   Fire: Sling             ||   143
    Use: Scroll            ||     4
 Armour: Robe              ||     6
         Leather armour    ||    17
  Dodge: Dodged            ||    37

Table legend:
 A = Non-vault XP
 B = Vault XP
 C = Vault XP percentage of total XP
 D = Non-vault monster count
 E = Vault monster count
 F = Vault count percentage of total count
                 A         B        C        D         E       F
            +---------+---------+-------+---------+---------+-------
      Total |      61 |       6 |   9.0 |      27 |       4 |  12.9
            +---------+---------+-------+---------+---------+-------
        D:1 |      26 |       6 |  18.8 |      16 |       4 |  20.0
        D:2 |      35 |       0 |   0.0 |      11 |       0 |   0.0
            +---------+---------+-------+---------+---------+-------
